[Event "XTX Markets LCC Super Blitz-S2 2024"]
[Site "London"]
[Date "2024.12.07"]
[Round "1.1"]
[White "Smirin, Ilia"]
[Black "Vachier-Lagrave, Maxime"]
[Result "0-1"]
[Annotator "TA"]
[ECO "B31"]
[WhiteElo "2574"]
[BlackElo "2731"]
[PlyCount "68"]
[EventDate "2024.11.28"]
[EventType "tourn"]
[EventCountry "ENG"]
[SourceTitle "playchess.com"]
[Source "ChessBase"]
[SourceQuality "1"]
[TimeControl "180+2"]

1. e4 c5 2. Nf3 Nc6 3. Bb5 g6 4. c3 Nf6 5. e5 Nd5 6. O-O Bg7 7. d4 cxd4 8. cxd4 O-O 9. Nc3 Nc7 10. Ba4 d6 11. exd6 Qxd6 12. d5 Nb4 13. Bb3 {[%emt 0:00:10] The position is equal.} Bf5 14. Bg5 Rfd8 15. Re1 Nbxd5 16. Nxd5 Nxd5 17. Bxe7 $1 Nxe7 18. Qxd6 Rxd6 19. Rxe7 Rd7 20. Bxf7+ Kf8 21. Rxd7 Bxd7 {[%emt 0:00:01] A strong pair of Bishops.} 22. Rd1 Bc6 23. Bb3 Bxb2 24. Nd4 Bxd4 25. Rxd4 $11 {[%emt 0:00:02][%mdl 4096] Endgame. KRB-KRB} Ke7 26. h4 Rf8 27. f4 h5 28. g3 a5 29. Kf2 Rf6 30. Ke3 b5 31. a3 Bd7 32. Bc2 Rc6 33. Kd2 Bf5 34. Bxf5 {[%emt 0:00:07][%mdl 8192] [#]} (34. Bd1 $11) 34... gxf5 {[%emt 0:00:01] Weighted Error Value: White=0.39/Black=0.03 (flawless) .  Loses game:     	White=1     	---        Inaccurate:     	White=1     	---        OK:         	White=5     	Black=9      Best:        	White=3     	---        Strong:       	White=1     	---} 0-1

[Event "XTX Markets LCC Super Blitz-S2 2024"]
[Site "London"]
[Date "2024.12.07"]
[Round "1.2"]
[White "Vitiugov, Nikita"]
[Black "Vidit, Santosh Gujrathi"]
[Result "0-1"]
[Annotator "ChessBase"]
[ECO "E60"]
[WhiteElo "2668"]
[BlackElo "2727"]
[PlyCount "212"]
[EventDate "2024.11.28"]
[EventType "tourn"]
[EventCountry "ENG"]
[SourceTitle "playchess.com"]
[Source "ChessBase"]
[SourceQuality "1"]
[TimeControl "180+2"]

1. Nf3 c5 2. b3 d5 3. e3 Nf6 4. Bb2 g6 5. c4 dxc4 6. Bxc4 Bg7 7. O-O O-O 8. d4 cxd4 9. Nxd4 Bd7 10. Nd2 Nc6 11. N2f3 Qa5 12. Qe2 a6 13. h3 b5 14. Nxc6 Bxc6 15. Bd3 Qb6 16. Ne5 Bd5 17. Rac1 Qb7 18. f3 Rac8 19. Bd4 Rfd8 20. Qb2 Nh5 21. Rxc8 Rxc8 22. Ng4 f6 23. Rc1 Rd8 24. Bf1 Ng3 25. e4 Be6 26. Qf2 Nxf1 27. Rxf1 a5 28. Bb6 Ra8 29. Rc1 Ra6 30. Be3 h5 31. Nh2 Rc6 32. Qd2 a4 33. Rxc6 Qxc6 34. bxa4 bxa4 35. a3 Kf7 36. Nf1 Bc4 37. Qc1 Bb5 38. Qxc6 Bxc6 39. Bc5 f5 40. exf5 gxf5 41. Kf2 e5 42. Ne3 Ke6 43. g3 f4 44. gxf4 exf4 45. Ng2 Be5 46. Nh4 Kf6 47. Ng2 Bd7 48. h4 Kf5 49. Ne1 Bf6 50. Ng2 Bb5 51. Bd6 Bd4+ 52. Ke1 Bc6 53. Ke2 Be5 54. Be7 Bb5+ 55. Kf2 Bd4+ 56. Ke1 Bc3+ 57. Kf2 Bd2 58. Bd6 Bc4 59. Bc7 Bc1 60. Bd6 Bd5 61. Ke2 Bc6 62. Kf2 Bb7 63. Ke2 Ba6+ 64. Kf2 Bc8 65. Ne1 Be3+ 66. Kg2 Ba6 67. Nc2 Bb6 68. Nb4 Bc4 69. Nc2 Bb3 70. Ne1 Bd8 71. Nd3 Bxh4 72. Nxf4 Bf7 73. Ne2 Bf6 74. Ng3+ Ke6 75. Bb4 Bg6 76. Ne2 Be5 77. Nc3 Be8 78. Kh3 Kf5 79. Kh4 Bf6+ 80. Kg3 h4+ 81. Kg2 Bc6 82. Ne2 Be5 83. Be7 Bb5 84. Ng1 Bf6 85. Bxf6 Kxf6 86. Kf2 Kf5 87. Ke3 Bf1 88. Kf2 Bb5 89. Ke3 Bd7 90. Ne2 Ke5 91. Nc3 h3 92. Kf2 Kd4 93. Ne4 Kc4 94. f4 Kd4 95. Nf6 Bc8 96. Kg3 Kc3 97. Nd5+ Kb3 98. Ne7 Bd7 99. f5 Kxa3 100. f6 Be8 101. Nc6 Kb2 102. Nb4 a3 103. Kxh3 Kb3 104. Nd3 Kc3 105. Nc1 Bf7 106. Kg4 Kd2 0-1

[Event "XTX Markets LCC Super Blitz-S2 2024"]
[Site "London"]
[Date "2024.12.07"]
[Round "1.3"]
[White "Adams, Michael"]
[Black "Firouzja, Alireza"]
[Result "1-0"]
[Annotator "TA"]
[ECO "C41"]
[WhiteElo "2662"]
[BlackElo "2763"]
[PlyCount "115"]
[EventDate "2024.11.28"]
[EventType "tourn"]
[EventCountry "ENG"]
[SourceTitle "playchess.com"]
[Source "ChessBase"]
[SourceQuality "1"]
[TimeControl "180+2"]

1. e4 c6 2. d4 d6 3. Nc3 e5 4. Nf3 Nd7 5. Bc4 Be7 6. dxe5 dxe5 7. Ng5 Bxg5 8. Qh5 Qe7 {[%emt 0:00:20] [#] aiming for ...Bxc1.} 9. Qxg5 Qxg5 10. Bxg5 Nb6 11. Bb3 {[%emt 0:00:07] White is better.} Nf6 12. f3 h6 13. Be3 O-O 14. O-O-O Re8 15. Rd6 Nh7 16. a4 {[%emt 0:00:11][%cal Ba2a4,Ba4a5][%mdl 32] White is much more active. The black rooks are passive.} Nf8 (16... Be6 $16 17. Bxe6 Rxe6 18. Rxe6 fxe6) 17. a5 $18 Nbd7 18. Rhd1 h5 19. a6 {[%emt 0:00:19] Black must now prevent axb7.} Nb6 20. axb7 {Black is weak on the dark squares} Bxb7 21. Na4 Nxa4 22. Bxa4 {[%emt 0:00:02] A strong pair of Bishops.} a5 (22... Rec8 {was worth a try.} 23. R1d2 c5) 23. Bb3 (23. Bxc6 Bxc6 24. Rxc6 h4) 23... a4 24. Bc4 Ba6 25. Rxc6 Bxc4 26. Rxc4 Ne6 27. Rd3 Rec8 (27... Ra6 {was necessary.} 28. Kb1 Nf4) 28. Rxc8+ Rxc8 {[%emt 0:00:01][%mdl 4096] Endgame. KRB-KRN} 29. Kb1 f6 30. c3 g5 31. Ka2 Kf7 (31... g4 $16 32. Rd7 gxf3 33. gxf3 h4) 32. Ka3 Rb8 33. Rd2 (33. Kxa4 Rxb2 34. Rd7+ Ke8 $11) 33... Ra8 34. Rd7+ Kg6 35. Re7 Nf4 (35... Ra6 {was called for.} 36. c4 g4 37. fxg4 hxg4) 36. Bxf4 exf4 {[%emt 0:00:01] KR-KR} 37. Rd7 {[%emt 0:00:05] Prevents Rd8} g4 38. Rd5 Rb8 39. Rf5 (39. Kxa4 Rxb2 40. fxg4 hxg4 $11) 39... Rb3+ 40. Ka2 $1 Rb6 41. fxg4 (41. Rxf4 Rd6 42. fxg4 Kg5) 41... hxg4 42. Rxf4 Kg5 43. Rf5+ Kg6 44. h3 (44. Ra5 Rd6 45. Rd5 (45. Rxa4 Rd2 $18) 45... Re6) 44... Re6 45. Rf4 gxh3 46. gxh3 Rd6 47. Rg4+ Kf7 48. h4 Rd2 49. Ka3 Rh2 50. c4 (50. Kxa4 Rxb2 51. c4 Ke6 $18) 50... Ke6 51. Rf4 {[%emt 0:00:00] h5 would now be deadly.} Ke5 52. Rf5+ Ke6 $2 (52... Kd4 53. c5 (53. Kxa4 Kxc4 54. b3+ Kd4 $16) 53... Kxe4 54. Rxf6 Kd5 55. Kxa4 Kxc5 56. b4+ Kd5) 53. h5 Rh4 54. Kxa4 Rxe4 55. Rc5 f5 56. Rc8 $2 (56. b4 Re1 57. Rc8) 56... Ke7 $2 (56... Kd7 $18 57. Rc5 Re2) 57. h6 Rh4 {[%emt 0:00:03] [#]} 58. h7 $1 {Black got outplayed after the opening.   Weighted Error Value: White=0.13 (very precise) /Black=0.34.  Mistake:       	---       	Black=6      Inaccurate:     	White=1     	Black=2      OK:         	White=17    	Black=8      Best:        	White=3     	Black=2      Strong:       	White=1     	---} 1-0

[Event "XTX Markets LCC Super Blitz-S2 2024"]
[Site "London"]
[Date "2024.12.07"]
[Round "1.4"]
[White "Stefansson, Vignir Vatnar"]
[Black "Jones, Gawain C B"]
[Result "0-1"]
[Annotator "ChessBase"]
[ECO "B76"]
[WhiteElo "2537"]
[BlackElo "2639"]
[PlyCount "70"]
[EventDate "2024.11.28"]
[EventType "tourn"]
[EventCountry "ENG"]
[SourceTitle "playchess.com"]
[Source "ChessBase"]
[SourceQuality "1"]
[TimeControl "180+2"]

1. e4 c5 2. Nf3 d6 3. d4 cxd4 4. Nxd4 Nf6 5. Nc3 g6 6. Be3 Nc6 7. f3 Bg7 8. Qd2 O-O 9. O-O-O d5 10. exd5 Nxd5 11. Nxc6 bxc6 12. Bd4 Nxc3 13. Qxc3 Bh6+ 14. Be3 Bxe3+ 15. Qxe3 Qb6 16. Qc3 Be6 17. Bc4 Bxc4 18. Qxc4 Rfd8 19. Qe2 Qc5 20. Rhe1 e6 21. Rxd8+ Rxd8 22. Qe3 Qd5 23. b3 h5 24. h4 Qa5 25. a4 Qb4 26. Kb2 Qxh4 27. Qc3 Qf2 28. Re4 Qxg2 29. Qxc6 Qxf3 30. Qc7 Qf6+ 31. Ka2 Rd1 32. Qe5 Qxe5 33. Rxe5 h4 34. c4 h3 35. Re3 h2 0-1

[Event "XTX Markets LCC Super Blitz-S2 2024"]
[Site "London"]
[Date "2024.12.07"]
[Round "2.1"]
[White "Vachier-Lagrave, Maxime"]
[Black "Jones, Gawain C B"]
[Result "0-1"]
[Annotator "TA"]
[ECO "C60"]
[WhiteElo "2731"]
[BlackElo "2639"]
[PlyCount "62"]
[EventDate "2024.11.28"]
[EventType "tourn"]
[EventCountry "ENG"]
[SourceTitle "playchess.com"]
[Source "ChessBase"]
[SourceQuality "1"]
[TimeControl "180+2"]

1. e4 e5 2. Nf3 Nc6 3. Bb5 a6 4. Ba4 Nf6 5. O-O d6 6. Re1 Bd7 7. c3 g6 8. d4 Bg7 9. h3 O-O 10. Nbd2 exd4 11. cxd4 Nb4 12. Bxd7 Qxd7 {[%emt 0:00:02] White has an edge.} 13. Nf1 c5 14. Bd2 (14. a3 $11 Nc6 15. d5) 14... Nd3 $17 15. Re3 Nxb2 {[%emt 0:00:07] Black has more active pieces.} 16. Qc2 cxd4 $2 (16... Na4 $17 {...cxd4 is the strong threat.} 17. dxc5 Nxc5) 17. Nxd4 $2 {[%emt 0:00:04] Now White is beyond hope.} (17. Ra3 $14 {is the one way to stay ahead.}) 17... Na4 $19 18. Nb3 Rac8 19. Qd1 Nb2 20. Qe2 (20. Qf3 {is a better defense.}) 20... Nc4 21. Rd3 Nxd2 22. Rxd2 {[%emt 0:00:18] [#]} Rfe8 $1 23. Ng3 {[%emt 0:00:13] [#]} (23. e5 {was necessary.}) 23... Nxe4 $1 24. Nxe4 Bxa1 25. Nxa1 Qe6 {[%emt 0:00:26] Prevents Nf6+.} ({Weaker is} 25... Rc1+ 26. Kh2 Rxe4 (26... Rxa1 $2 27. Nf6+ Kh8 28. Nxe8 $18) 27. Qxe4 Rxa1 28. Qf4 $17) 26. f3 d5 27. Rxd5 Qxd5 28. Nf6+ Kf8 29. Qb2 {[%emt 0:00:04] Prevents Rc1+} Qc5+ 30. Kh2 Qd6+ 31. g3 Re6 {[%emt 0:00:20] Weighted Error Value: White=1.18/Black=0.16 (very precise) .  Loses game:     	White=1     	---        Mistake:       	White=3     	Black=1      Inaccurate:     	White=1     	---        OK:         	White=3     	Black=8      Best:        	---       	Black=2      Brilliant:      	---       	Black=1} (31... Qxf6 $142 32. Qf2 Rc3 (32... Qxa1 {leads to mate.} 33. Kg2 Qd1 34. g4 Re2 35. Kg3 Qd6+ 36. f4 Rc3+ 37. Kh2 Qxf4+ 38. Kh1 Qxf2 39. g5 Rxh3#) 33. Kg2 Ree3 34. h4 Rxf3 (34... Qxf3+ 35. Qxf3 Rxf3 36. Nb3 Rfd3 37. h5 gxh5 38. Kh2 Rc2+ 39. Kh3 f6 40. Nc5 Rxc5 41. Kh4 Rc2 42. Kxh5 Rd4 43. Kh6 Rh2#) 35. Qe1 Rce3 (35... Rxg3+ {is a self mate.} 36. Qxg3 Rxg3+ 37. Kxg3 Qxa1 38. Kf2 Qe5 39. h5 gxh5 40. a3 h4 41. a4 h3 42. Kf3 h2 43. Kg2 Qe2+ 44. Kg3 h1=Q 45. Kf4 Qh6+ 46. Kg3 Qhh2#) 36. Qb4+ Kg8 37. Qg4 Re2+ (37... Qxa1 38. Qxf3 Qxa2+ 39. Qf2 Re2 40. Qxe2 Qxe2+ 41. Kh1 b5 42. h5 gxh5 43. Kg1 b4 44. Kh1 b3 45. Kg1 b2 46. Kh1 b1=Q#) 38. Kh3 Rxg3+ 39. Kxg3 Qf2+ 40. Kh3 Qh2#) 0-1

[Event "XTX Markets LCC Super Blitz-S2 2024"]
[Site "London"]
[Date "2024.12.07"]
[Round "2.2"]
[White "Firouzja, Alireza"]
[Black "Stefansson, Vignir Vatnar"]
[Result "1-0"]
[Annotator "TA"]
[ECO "A06"]
[WhiteElo "2763"]
[BlackElo "2537"]
[PlyCount "59"]
[EventDate "2024.11.28"]
[EventType "tourn"]
[EventCountry "ENG"]
[SourceTitle "playchess.com"]
[Source "ChessBase"]
[SourceQuality "1"]
[TimeControl "180+2"]

1. Nf3 d5 2. b3 Nf6 3. Bb2 e6 4. e3 c5 5. Be2 Nc6 6. O-O Bd6 7. d4 O-O 8. dxc5 {[%emt 0:00:04] White has an edge.} Bxc5 9. a3 a5 10. Nbd2 (10. Nc3 $14 {deserves consideration.}) 10... b6 $11 11. c3 Bb7 12. b4 Bd6 13. b5 Ne5 14. c4 Nxc4 15. Bxc4 dxc4 16. Nxc4 Ne4 (16... Bc5 $11 {should be considered.}) 17. Qd4 $14 {[%emt 0:00:08][%csl Gb2][%cal Rd4g7] [#]} e5 18. Qxb6 $18 (18. Ncxe5 Bc5 19. Qd7 Bd5) 18... Qxb6 (18... Bd5 $16 {was called for.} 19. Qxd8 (19. Nfxe5 Bxe5 20. Qxd8 Rfxd8 $18) 19... Raxd8 20. Nxd6 (20. Ncxe5 f6 $14) 20... Nxd6) 19. Nxb6 {[%emt 0:00:02] Excellent horsemanship.} Rad8 20. Nxe5 Bxe5 21. Bxe5 Rfe8 22. Rfd1 Rd2 (22... Rxd1+ 23. Rxd1 h5 24. Bd4 $18) 23. Rxd2 Nxd2 24. Bc3 Nb3 25. Rb1 {[%emt 0:00:04] White is clearly winning.} Rd8 26. h3 (26. Rxb3 $2 {gets mated.} Rd1+) 26... Nd2 27. Bxd2 ({Stronger than} 27. Rd1 Nf3+ 28. gxf3 Rxd1+ 29. Kg2 Rd3 30. Bxa5 Rxa3 $17) 27... Rxd2 28. Nc4 Ra2 29. Nxa5 Be4 30. Rb4 {[%emt 0:00:02] Weighted Error Value: White=0.06 (flawless) /Black=0.38.  Mistake:       	White=1     	Black=3      Inaccurate:     	---       	Black=3      OK:         	White=13    	Black=4} 1-0

[Event "XTX Markets LCC Super Blitz-S2 2024"]
[Site "London"]
[Date "2024.12.07"]
[Round "2.3"]
[White "Vidit, Santosh Gujrathi"]
[Black "Adams, Michael"]
[Result "1-0"]
[Annotator "ChessBase"]
[ECO "C54"]
[WhiteElo "2727"]
[BlackElo "2662"]
[PlyCount "63"]
[EventDate "2024.11.28"]
[EventType "tourn"]
[EventCountry "ENG"]
[SourceTitle "playchess.com"]
[Source "ChessBase"]
[SourceQuality "1"]
[TimeControl "180+2"]

1. e4 e5 2. Nf3 Nc6 3. Bc4 Nf6 4. d3 Bc5 5. O-O d6 6. c3 h6 7. Re1 O-O 8. Nbd2 Bb6 9. Bb3 a5 10. Nf1 Be6 11. Bxe6 fxe6 12. Be3 Bxe3 13. Rxe3 a4 14. Ng3 Qe8 15. d4 Nd7 16. Rc1 Qf7 17. h3 Kh8 18. Qc2 Qf6 19. Rd1 Nb6 20. Qe2 Rf7 21. dxe5 Nxe5 22. Nh5 Nxf3+ 23. Rxf3 Qe7 24. Nf4 Kg8 25. e5 d5 26. Ng6 Qe8 27. Rg3 Nd7 28. Rd4 Nf8 29. Rdg4 Nxg6 30. Rxg6 Kf8 31. Qg4 Ra6 32. Rxg7 1-0

[Event "XTX Markets LCC Super Blitz-S2 2024"]
[Site "London"]
[Date "2024.12.07"]
[Round "2.4"]
[White "Smirin, Ilia"]
[Black "Vitiugov, Nikita"]
[Result "0-1"]
[Annotator "ChessBase"]
[ECO "C07"]
[WhiteElo "2574"]
[BlackElo "2668"]
[PlyCount "73"]
[EventDate "2024.11.28"]
[EventType "tourn"]
[EventCountry "ENG"]
[SourceTitle "playchess.com"]
[Source "ChessBase"]
[SourceQuality "1"]
[TimeControl "180+2"]

1. e4 e6 2. d4 d5 3. Nd2 c5 4. Ngf3 cxd4 5. Nxd4 Nc6 6. Bb5 Bd7 7. Bxc6 bxc6 8. O-O Ne7 9. Re1 Ng6 10. exd5 cxd5 11. N2f3 Be7 12. b3 O-O 13. Bb2 Bf6 14. Qd2 e5 15. Ne2 Bg4 16. Red1 d4 17. Qd3 Re8 18. Ng3 Nh4 19. Qe4 Bxf3 20. gxf3 Qc8 21. Kh1 Bg5 22. Ne2 Qh3 23. Rg1 Nxf3 24. Rg2 Bf6 25. Ng3 Ng5 26. Qf5 Qxf5 27. Nxf5 Rad8 28. Rag1 Ne6 29. Nh6+ Kf8 30. Ng4 Ke7 31. Ba3+ Kd7 32. Re1 Nf4 33. Nxf6+ gxf6 34. Rg7 Ke6 35. Rxh7 Rc8 36. Rc1 Ne2 37. Re1 0-1

[Event "XTX Markets LCC Super Blitz-S2 2024"]
[Site "London"]
[Date "2024.12.07"]
[Round "3.1"]
[White "Vitiugov, Nikita"]
[Black "Vachier-Lagrave, Maxime"]
[Result "0-1"]
[Annotator "ChessBase"]
[ECO "A45"]
[WhiteElo "2668"]
[BlackElo "2731"]
[PlyCount "100"]
[EventDate "2024.11.28"]
[EventType "tourn"]
[EventCountry "ENG"]
[SourceTitle "playchess.com"]
[Source "ChessBase"]
[SourceQuality "1"]
[TimeControl "180+2"]

1. d4 Nf6 2. Bg5 e6 3. Nd2 c5 4. e3 b6 5. Ne4 Bb7 6. Nxf6+ gxf6 7. Bh4 Be7 8. Nf3 d6 9. Be2 Nd7 10. c4 f5 11. Bg3 Nf6 12. O-O Ne4 13. Nd2 Nxg3 14. hxg3 Bf6 15. Bf3 Qc7 16. Bxb7 Qxb7 17. Nf3 Ke7 18. Qe2 h5 19. Rad1 h4 20. gxh4 Bxh4 21. d5 Bf6 22. g3 Rag8 23. Kg2 Qc8 24. Rh1 e5 25. b3 e4 26. Nd2 Be5 27. Rxh8 Rxh8 28. Rh1 Rxh1 29. Kxh1 Qh8+ 30. Kg2 a6 31. Nf1 Kd7 32. a4 Bc3 33. g4 Qg7 34. Ng3 fxg4 35. Nxe4 Be5 36. Ng3 Bxg3 37. Kxg3 f5 38. Qd3 Qe5+ 39. Kg2 Ke7 40. Qb1 Kf6 41. Qd1 Qe4+ 42. Kg3 Kg5 43. Qe2 Qh1 44. f4+ Kg6 45. Qg2 Qxg2+ 46. Kxg2 Kh5 47. Kg3 a5 48. Kg2 Kh4 49. Kh2 g3+ 50. Kg2 Kg4 0-1

[Event "XTX Markets LCC Super Blitz-S2 2024"]
[Site "London"]
[Date "2024.12.07"]
[Round "3.2"]
[White "Adams, Michael"]
[Black "Smirin, Ilia"]
[Result "0-1"]
[Annotator "ChessBase"]
[ECO "C09"]
[WhiteElo "2662"]
[BlackElo "2574"]
[PlyCount "100"]
[EventDate "2024.11.28"]
[EventType "tourn"]
[EventCountry "ENG"]
[SourceTitle "playchess.com"]
[Source "ChessBase"]
[SourceQuality "1"]
[TimeControl "180+2"]

1. e4 c5 2. Nf3 e6 3. c3 d5 4. exd5 exd5 5. d4 Nc6 6. Bb5 Bd6 7. O-O Nge7 8. dxc5 Bxc5 9. Nbd2 O-O 10. Nb3 Bd6 11. h3 h6 12. Re1 Bf5 13. Bd3 Qd7 14. Bxf5 Nxf5 15. Qd3 Rfe8 16. Bd2 Re6 17. Rxe6 fxe6 18. Re1 Rf8 19. c4 Nfe7 20. cxd5 exd5 21. Bc3 Qf5 22. Qxf5 Nxf5 23. Rd1 Rd8 24. Kf1 Nfe7 25. Nbd4 Kf7 26. Rd3 a6 27. a3 Bc5 28. Ne2 Nf5 29. g4 Nfe7 30. h4 Bb6 31. h5 g6 32. hxg6+ Nxg6 33. Bd2 Nce5 34. Nxe5+ Nxe5 35. Rb3 Nc4 36. Bxh6 Rh8 37. Bf4 Rh4 38. f3 Rh1+ 39. Kg2 Rd1 40. Nc3 Rd3 41. Rb4 a5 42. Rb5 d4 43. Nd5 Bd8 44. Rxb7+ Ke6 45. Nc7+ Bxc7 46. Rxc7 Nxb2 47. Rc5 Rxa3 48. Be5 Nd3 49. Bxd4 Nxc5 50. Bxc5 Rb3 0-1

[Event "XTX Markets LCC Super Blitz-S2 2024"]
[Site "London"]
[Date "2024.12.07"]
[Round "3.3"]
[White "Stefansson, Vignir Vatnar"]
[Black "Vidit, Santosh Gujrathi"]
[Result "1/2-1/2"]
[Annotator "ChessBase"]
[ECO "D14"]
[WhiteElo "2537"]
[BlackElo "2727"]
[PlyCount "116"]
[EventDate "2024.11.28"]
[EventType "tourn"]
[EventCountry "ENG"]
[SourceTitle "playchess.com"]
[Source "ChessBase"]
[SourceQuality "1"]
[TimeControl "180+2"]

1. d4 d5 2. c4 c6 3. cxd5 cxd5 4. Nc3 Nf6 5. Bf4 Nc6 6. e3 Bf5 7. Nf3 e6 8. Qb3 Bb4 9. Ne5 Bxc3+ 10. Qxc3 Nxe5 11. Bxe5 O-O 12. Be2 Rc8 13. Qa3 a6 14. O-O Rc6 15. Rac1 Qd7 16. Rc5 Ne4 17. Rxc6 Qxc6 18. f3 Nd2 19. Rd1 Qc2 20. Qc3 Qxc3 21. bxc3 Nb1 22. Rc1 Rc8 23. c4 Na3 24. c5 Bg6 25. Rc3 Nb5 26. Bxb5 axb5 27. Rb3 f6 28. Bd6 Be8 29. Ra3 Bc6 30. Kf2 Kf7 31. Ke2 g5 32. Rb3 Ra8 33. a3 h5 34. Kd3 Re8 35. g3 e5 36. dxe5 fxe5 37. f4 exf4 38. exf4 gxf4 39. Bxf4 Re4 40. Rb2 Ra4 41. Rb3 Ke6 42. Bd2 Ra8 43. Bb4 Rf8 44. Ke2 d4 45. Rb1 Rf7 46. Rf1 d3+ 47. Ke1 Rxf1+ 48. Kxf1 Kf5 49. Kf2 Ke4 50. h4 Bd7 51. Bd2 Bg4 52. Bb4 Kd4 53. Bd2 Kxc5 54. Ke3 Kc4 55. Bb4 Be2 56. Kd2 Bg4 57. Ke3 Be2 58. Kd2 Bg4 1/2-1/2

[Event "XTX Markets LCC Super Blitz-S2 2024"]
[Site "London"]
[Date "2024.12.07"]
[Round "3.4"]
[White "Jones, Gawain C B"]
[Black "Firouzja, Alireza"]
[Result "0-1"]
[Annotator "TA"]
[ECO "D02"]
[WhiteElo "2639"]
[BlackElo "2763"]
[PlyCount "118"]
[EventDate "2024.11.28"]
[EventType "tourn"]
[EventCountry "ENG"]
[SourceTitle "playchess.com"]
[Source "ChessBase"]
[SourceQuality "1"]
[TimeControl "180+2"]

1. Nf3 Nf6 2. g3 d6 3. d4 c5 4. Bg2 cxd4 5. Nxd4 d5 6. O-O e5 7. Nb3 h6 {[%emt 0:00:07] [#]} (7... Be6 $11) 8. c4 $1 $16 d4 9. e3 Nc6 (9... d3 $142) 10. exd4 exd4 {[%emt 0:00:01] [#]} 11. Bxc6+ $1 bxc6 12. Qxd4 (12. Nxd4 $142 {Strongly threatening Qe1+.} Bd7 13. Qf3) 12... Be6 13. Re1 Be7 14. Qxd8+ Rxd8 15. N3d2 ({White should play} 15. Bd2 $16) 15... O-O 16. b3 (16. Nf3 $11 {remains equal.}) 16... Rfe8 $17 {[%emt 0:00:35] Black is more active.} 17. Bb2 Bb4 18. Re2 {[%emt 0:00:02] White is weak on the light squares} Bh3 $40 {[%emt 0:00:18][%mdl 128] Black wants a kill.} 19. Rxe8+ Nxe8 ({But not} 19... Rxe8 20. Nc3) 20. Bc1 $2 {[%emt 0:00:09][%mdl 8192] This costs White the game.} (20. Nf1 $17) 20... Nf6 21. a3 Bc5 22. b4 Bd4 23. Ra2 Ng4 24. Ne4 f5 25. Nec3 Re8 26. Re2 Bxf2+ {[%emt 0:00:01] A strong pair of Bishops.} 27. Kh1 Rd8 28. Nd2 Bd4 29. Nd1 Ne5 {[%emt 0:00:06] Prevents Nf3} 30. Bb2 Bg4 31. Bxd4 Bxe2 32. Bxe5 Rxd2 $19 {[%emt 0:00:04][%mdl 4096] Endgame. KRB-KBN} 33. Nc3 Bxc4 34. h4 g5 35. hxg5 hxg5 36. Bf6 g4 37. Be5 Kf7 38. Kg1 Ke6 39. Bf4 Rd3 40. Na4 Rxa3 41. Nc5+ Kd5 {[%emt 0:00:01] ...Ra1+ is the strong threat.} 42. Nd7 Ra2 43. Nf6+ Kd4 44. Nd7 Bd5 45. Ne5 Rb2 46. Nd7 Rxb4 47. Kf2 Rb2+ 48. Ke1 Rh2 49. Kd1 a5 50. Kc1 a4 51. Bd6 Be4 {[%emt 0:00:04] ( -> ...Kc3)} 52. Nb6 Rc2+ {[%emt 0:00:03] Black mates.} 53. Kd1 Ra2 54. Kc1 c5 55. Nd7 c4 56. Be5+ Ke3 57. Nc5 {[%emt 0:00:01] [#]} c3 $1 58. Nxe4 fxe4 59. Bxc3 Kd3 {[%emt 0:00:02] Weighted Error Value: White=0.47/Black=0.11 (very precise) .  Loses game:     	White=1     	---        Mistake:       	White=3     	Black=1      Inaccurate:     	White=2     	---        OK:         	White=15    	Black=14     Best:        	White=3     	Black=6      Brilliant:      	White=1     	---} 0-1